 Dungeon Crawl Stone Soup version 0.30-a0-718-geaa24f58ff (webtiles) character file.

Game seed: 10255132763788339363

225 ASSMAN the Shooter (level 6, -7/35 HPs)
             Began as a Kobold Hunter on Jan 25, 2023.
             Mangled by a gnoll
             ... wielding a +0 flail
              (12 damage)
             ... on level 3 of the Dungeon.
             The game lasted 00:02:12 (2538 turns).

ASSMAN the Shooter (Kobold Hunter)                  Turns: 2538, Time: 00:02:12

Health: -7/35      AC:  3    Str:  9    XL:     6   Next: 21%
Magic:  6/6        EV: 14    Int: 10    God:
Gold:   253        SH:  0    Dex: 20    Spells: 5/5 levels left

rFire   . . .      SeeInvis .    a - +0 shortbow
rCold   . . .      Faith    .    (shield currently unavailable)
rNeg    . . .      Spirit   .    c - +0 leather armour
rPois   .          Reflect  .    (no helmet)
rElec   .          Harm     .    (no cloak)
rCorr   .          Rampage  .    (no gloves)
Will    .....                    (no boots)
Stlth   ++++                     (no amulet)
HPRegen 0.25/turn                (no ring)
MPRegen 0.10/turn                (no ring)

@: no status effects
A: small, no large weapons, nightstalker 3
a: no special abilities


You were on level 3 of the Dungeon.
You visited 1 branch of the dungeon, and saw 4 of its levels.

You collected 253 gold pieces.

Inventory:

Hand Weapons
 a - a +0 shortbow (weapon)
Armour
 c - a +0 leather armour (worn)
Wands
 m - a wand of iceblast (8)
 o - a wand of digging (3)
Scrolls
 b - a scroll of immolation
 d - a scroll of acquirement {unknown}
 h - a scroll of poison {unknown}
 i - 5 scrolls of magic mapping {unknown}
 k - 2 scrolls of identify {unknown}
 l - a scroll of amnesia {unknown}
 r - a scroll of teleportation {unknown}
Potions
 e - a potion of lignification {unknown}
 f - a potion of mutation {unknown}
 g - 2 potions of might {unknown}
 j - 2 potions of haste {unknown}
 n - a potion of degeneration {unknown}
 p - a potion of ambrosia {unknown}
 q - 2 potions of attraction {unknown}
 s - a potion of cancellation {unknown}


   Skills:
 - Level 2.1 Fighting
 + Level 7.5 Ranged Weapons
 - Level 2.4 Dodging
 + Level 5.9 Stealth


You had 5 spell levels left.
You didn't know any spells.
Your spell library contained the following spells:

 Spells                   Type           Power      Damage    Failure   Level
 Magic Dart               Conj           0%         1d3       47%         1
 Searing Ray              Conj           0%         2d4       63%         2
 Fulminant Prism          Conj/Hex       0%         3d5       99%         4


Dungeon Overview and Level Annotations

Branches:
Dungeon (4/15)
 Temple: D:4-7

Altars:
Elyvilon

Shops:
D:4 *


Innate Abilities, Weirdness & Mutations

You are small and have problems with some larger weapons.
You are completely attuned to the shadows.


Message History

The gnoll attacks as you move away! The gnoll closely misses you.
There is a stone staircase leading up, spattered with blood here.
The gnoll hits you with a +0 flail.
You climb upwards.
There is a stone staircase leading down here.
You are too injured to fight recklessly!
Fire: a) +0 shortbow
Press: ? - help, Q - select action, (/) - cycle Shift-Dir - straight line, f - gnoll
Aim: a gnoll, wielding a +0 flail (69% to hit)
You shoot an arrow. The arrow barely misses the gnoll.
The gnoll hits you with a +0 flail.
Fire: a) +0 shortbow
Press: ? - help, Q - select action, (/) - cycle Shift-Dir - straight line, f/p - gnoll
Aim: a gnoll, wielding a +0 flail (69% to hit)
You shoot an arrow. The arrow hits the gnoll.
The gnoll is lightly wounded.
The gnoll closely misses you.
Fire: a) +0 shortbow
Press: ? - help, Q - select action, (/) - cycle Shift-Dir - straight line, f/p - gnoll
Aim: a gnoll, wielding a +0 flail (lightly wounded, 69% to hit)
You shoot an arrow. The arrow closely misses the gnoll.
The gnoll barely misses you.
Fire: a) +0 shortbow
Press: ? - help, Q - select action, (/) - cycle Shift-Dir - straight line, f/p - gnoll
Aim: a gnoll, wielding a +0 flail (lightly wounded, 69% to hit)
You shoot an arrow. The arrow closely misses the gnoll.
The gnoll closely misses you. The gnoll misses you.
Fire: a) +0 shortbow
Press: ? - help, Q - select action, (/) - cycle Shift-Dir - straight line, f/p - gnoll
Aim: a gnoll, wielding a +0 flail (lightly wounded, 69% to hit)
You shoot an arrow. The arrow barely misses the gnoll.
The gnoll hits you with a +0 flail!
* * * LOW HITPOINT WARNING * * *
Fire: a) +0 shortbow
Press: ? - help, Q - select action, (/) - cycle Shift-Dir - straight line, f/p - gnoll
Aim: a gnoll, wielding a +0 flail (lightly wounded, 69% to hit)
You shoot an arrow. The arrow hits the gnoll.
The gnoll is heavily wounded.
The gnoll hits you with a +0 flail!
You die...

#.#
####################..##
#.# #.... #.# ##.## #.#
####.## #.# #.....# #.#
############.###.. #.#
#............# #.# #.#
#g##########.###.#
#.#############@#
#.....#
#...............#
#######
#################


You could see a gnoll.

Vanquished Creatures
  A bullfrog (D:4)
  An orc priest (D:4)
  An orc wizard (D:4)
  3 adders
  2 gnolls
  A worm (D:4)
  A dart slug (D:1)
  6 orcs (D:4)
  3 bats
  3 endoplasms
  A giant cockroach (D:1)
  4 goblins
  5 hobgoblins
  2 jackals (D:2)
  A kobold (D:4)
  7 quokkas
  7 ball pythons
  3 frilled lizards
  4 rats
56 creatures vanquished.

Notes
Turn   | Place    | Note
-------+----------+-------------------------------------------
     0 | D:1      | ASSMAN the Kobold Hunter began the quest for the Orb.
     0 | D:1      | Reached XP level 1. HP: 12/12 MP: 1/1
   239 | D:1      | Reached XP level 2. HP: 17/17 MP: 2/2
   450 | D:1      | Reached XP level 3. HP: 21/21 MP: 3/3
   496 | D:1      | Reached skill level 6 in Ranged Weapons
   956 | D:2      | Found a white marble altar of Elyvilon.
  1131 | D:2      | Reached XP level 4. HP: 12/26 MP: 4/4
  2234 | D:4      | Reached XP level 5. HP: 22/30 MP: 5/5
  2251 | D:4      | Reached skill level 7 in Ranged Weapons
  2251 | D:4      | Reached skill level 5 in Stealth
  2502 | D:4      | Found Wimnulac's Assorted Antiques.
  2505 | D:4      | Noticed a bullfrog
  2513 | D:4      | Killed a bullfrog
  2514 | D:4      | Reached XP level 6. HP: 17/35 MP: 6/6
  2538 | D:3      | Mangled by a gnoll

Illustrated notes

Levels and vault maps discovered:
D:1:      dpeg_arrival_court, layout_basic, corexii_corridor_pit,
          minmay_crystal_room
D:2:      layout_loops_ring, basic_altar
D:3:      layout_loops_ring
D:4:      layout_loops_cross, palyth_temple_overflow_mages,
          minmay_temple_entry_hall, serial_shops, nicolae_shop_trees,
          uniq_crazy_yiuf_cottage, uniq_menkaure, uniq_ijyb, uniq_sigmund

Skill      XL: |  1  2  3  4  5 |
---------------+----------------+-----
Stealth        | 2 3 4 5 |  5.9
Ranged Weapons | 6 7 |  7.5
Fighting       | |  2.1
Dodging        | |  2.4

Action                     |  1- 3 |  4- 6 || total
---------------------------+-------+-------++-------
   Fire: Shortbow          |    90 |    91 ||   181
 Armour: Leather armour    |     8 |     8 ||    16
  Dodge: Dodged            |    42 |    49 ||    91

Table legend: (Time is in decaauts)
 A = Elapsed time spent in this place.
 B = Non-inter-level travel time spent in this place.
 C = Inter-level travel time spent in this place.
 D = Time resting spent in this place.
 E = Time spent auto-exploring this place.
 F = Levels seen in this place.
 G = Mean time per level.
                   A        B        C        D        E       F      G
               +--------+--------+--------+--------+--------+-----+--------+
         Total |   2581 |   2512 |     69 |    106 |   2072 |   4 |  645.2 |
       Dungeon |   2581 |   2512 |     69 |    106 |   2072 |   4 |  645.2 |
               +--------+--------+--------+--------+--------+-----+--------+

Top non-repeatable levels by time:
     D:3: 793 daAuts
     D:1: 766 daAuts
     D:2: 693 daAuts
     D:4: 328 daAuts
